 Dungeon Crawl Stone Soup version 0.21.1-1-g345015fe64 (webtiles) character file.

480 RepoMan the Magician (level 6, -3/41 HPs)
             Began as a Mummy Wizard on Apr 25, 2018.
             Slain by Burgietje's ghost (8 damage)
             ... on level 4 of the Dungeon.
             The game lasted 00:28:19 (4473 turns).

RepoMan the Magician (Mummy Wizard)                 Turns: 4473, Time: 00:28:20

Health: -3/41      AC: 13    Str: 11    XL:     6   Next: 86%
Magic:  1/14       EV: 12    Int: 19    God:
Gold:   223        SH:  0    Dex: 10    Spells: 5/16 levels left

rFire    x . .     SeeInvis .   e - +4 hand axe (elec)
rCold    + . .     Gourm    .   (no shield)
rNeg     + + +     Faith    .   a - +0 robe
rPois    ∞         Spirit   .   h - +2 helmet
rElec    .         Reflect  .   (no cloak)
rCorr    .         Harm     .   m - +2 pair of gloves
MR       .....                  j - +0 pair of boots
Stlth    ++........             (no amulet)
HPRegen  0.13/turn              f - +4 ring of protection
MPRegen  0.14/turn              (no ring)

@: about to teleport
A: no food or potions, fire vulnerability, cold resistance 1, negative energy
resistance 3, torment resistance, unbreathing
a: no special abilities


You were on level 4 of the Dungeon.
You were not hungry.

You visited 1 branch of the dungeon, and saw 4 of its levels.
You also visited: Sewer.

You collected 223 gold pieces.

Inventory:

Hand Weapons
 e - a +4 hand axe of electrocution (weapon)
 k - a +2 whip of venom
 l - a +1 spear of freezing
 o - a +0 dagger of freezing
Missiles
 g - 8 curare-tipped needles
Armour
 a - a +0 robe (worn)
 b - a +0 hat
 h - a +2 helmet (worn)
 j - a +0 pair of boots (worn)
 m - a +2 pair of gloves (worn)
 p - a +2 pair of gloves
Jewellery
 f - a +4 ring of protection (left hand)
 q - a -3 ring of evasion
Scrolls
 d - 4 scrolls of remove curse
 i - a scroll of amnesia
 r - a scroll of magic mapping {unknown}
 s - 2 scrolls of identify {unknown}
 t - a scroll of random uselessness {unknown}
Books
 c - a book of Minor Magic

   Spells                             Type                      Level
   a - Magic Dart                     Conjuration                  1
   b - Blink                          Translocation                2
   c - Call Imp                       Summoning                    2
   d - Slow                           Hexes                        2
   e - Conjure Flame                  Conjuration/Fire             3
   f - Mephitic Cloud                 Conjuration/Poison/Air       3


   Skills:
 + Level 2.8 Dodging
 - Level 1.5 Stealth
 + Level 5.5 Spellcasting
 * Level 3.6 Conjurations
 - Level 0.7 Summonings
 - Level 2.0 Translocations
 + Level 1.9 Fire Magic


You had 5 spell levels left.
You knew the following spells:

 Your Spells              Type           Power        Failure   Level  Hunger
a - Magic Dart            Conj           ###.         2%          1    N/A
b - Blink                 Tloc           N/A          8%          2    N/A
c - Conjure Flame         Conj/Fire      ###.....     11%         3    N/A
i - Call Imp              Summ           #.......     13%         2    N/A
m - Mephitic Cloud        Conj/Pois/Air  #.......     22%         3    N/A

Dungeon Overview and Level Annotations

Branches:
Dungeon (4/15)
 Temple: D:4-7

Altars:
Elyvilon
Fedhas

Annotations:
D:4 Burgietje's ghost, novice GrFi


Innate Abilities, Weirdness & Mutations

You do not eat or drink.
Your flesh is vulnerable to fire.
You are immune to poison.
Your flesh is cold resistant. (rC+)
You are immune to negative energy. (rN+++)
You are immune to unholy pain and torment.
You can survive without breathing.


Message History

Casting: Call Imp
Confirm with . or Enter, or press ? or * to list all spells.
Aiming: Magic Dart
Press: ? - help, Shift-Dir - straight line, f/p - Burgietje's ghost
Aim: Burgietje's ghost (almost destroyed)
The magic dart hits Burgietje's ghost.
Burgietje's ghost is almost destroyed.
Casting: Magic Dart
Confirm with . or Enter, or press ? or * to list all spells.
Aiming: Magic Dart
Press: ? - help, Shift-Dir - straight line, f/p - Burgietje's ghost
Aim: Burgietje's ghost (almost destroyed)
The magic dart hits Burgietje's ghost.
Burgietje's ghost is almost destroyed.
Burgietje's ghost hits you!
* * * LOW HITPOINT WARNING * * *
You see here a worker ant corpse.
As you read the scroll of teleportation, it crumbles to dust.
You feel strangely unstable. Burgietje's ghost hits you!
You die...

#. #..# # ##.#
###.# ##.# #.#
#...# .....#.##
#...#
..).....##### ...#
............# #..#
........###.###..#
.....#.###...##..#
.#.........#))..@#
#.##..###...###W#
#. #.## ##.##
#.##### # #. #.
#.....# .. #####.#
... #.# .... #.#
.....
#######.#####
#...........#


You could see Burgietje's ghost.

Vanquished Creatures
  2 bullfrogs (Sewer)
  2 orc priests
  A worker ant (D:4)
  An orc wizard (D:4)
  Robin (D:3)
  7 adders
  7 oozes
  2 worms
  3 dart slugs (D:1)
  14 leopard geckos
  5 orcs
  10 bats
  10 giant cockroaches
  13 goblins (D:3)
  6 hobgoblins
  5 jackals
  2 quokkas
  8 ball pythons
  11 frilled lizards
  6 kobolds
  6 rats
122 creatures vanquished.

Vanquished Creatures (collateral kills)
  An ooze (Sewer)
1 creature vanquished.

Grand Total: 123 creatures vanquished

Notes
Turn   | Place    | Note
-------+----------+-------------------------------------------
     0 | D:1      | RepoMan the Mummy Wizard began the quest for the Orb.
     0 | D:1      | Reached XP level 1. HP: 13/13 MP: 5/5
   161 | D:1      | Reached skill level 1 in Conjurations
   362 | D:1      | Reached XP level 2. HP: 6/19 MP: 0/7
  1133 | D:1      | Reached XP level 3. HP: 20/24 MP: 3/8
  1214 | D:1      | Learned a level 2 spell: Blink
  1218 | D:1      | Learned a level 3 spell: Conjure Flame
  1484 | D:2      | Found a white marble altar of Elyvilon.
  1664 | D:2      | Reached skill level 1 in Translocations
  1741 | D:2      | Found a blossoming altar of Fedhas.
  2385 | D:3      | Found a glowing drain.
  2471 | Sewer    | Entered a sewer
  2624 | Sewer    | Reached XP level 4. HP: 30/30 MP: 4/10
  2648 | Sewer    | Learned a level 3 spell: Mephitic Cloud
  2982 | Sewer    | Learned a level 2 spell: Call Imp
  3240 | Sewer    | Reached skill level 1 in Fire Magic
  3240 | Sewer    | Reached XP level 5. HP: 35/35 MP: 9/12
  3432 | Sewer    | Reached skill level 5 in Spellcasting
  3440 | Sewer    | Reached XP level 6. HP: 20/41 MP: 1/13
  3978 | D:3      | Noticed Robin
  3999 | D:3      | Killed Robin
  4430 | D:4      | Noticed Burgietje's ghost (novice GrFi)
  4473 | D:4      | Slain by Burgietje's ghost

Skill      XL: |  1  2  3  4  5  6 |
---------------+-------------------+-----
Conjurations   | 1 2 3 |  3.6
Dodging        | 2 |  2.8
Translocations | 1 2 |  2.0
Fire Magic     | 1 |  1.9
Spellcasting   | 5 |  5.5
Stealth        | |  1.5
Summonings     | |  0.7

Action                   |  1- 3 |  4- 6 || total
-------------------------+-------+-------++-------
Melee: Unarmed           |     7 |       ||     7
       Hand axe          |    31 |    75 ||   106
       Spear             |       |     9 ||     9
       Whip              |       |     4 ||     4
 Cast: Magic Dart        |   110 |   141 ||   251
       Call Imp          |       |     6 ||     6
       Conjure Flame     |       |     3 ||     3
       Mephitic Cloud    |       |     2 ||     2
  Use: Scroll            |     4 |     3 ||     7
 Stab: Sleeping          |     2 |       ||     2
Armor: Robe              |    28 |    50 ||    78
Dodge: Dodged            |    39 |    55 ||    94
